 Dungeon Crawl Stone Soup version 0.22-a0-274-gf8199ec (webtiles) character file.

101 neds the Chucker (level 4, 0/41 HPs)
             Began as a Troll Hunter on Mar 14, 2018.
             Slain by a goblin
             ... wielding a +0 dagger of freezing
              (4 damage)
             ... on level 3 of the Dungeon.
             The game lasted 00:05:35 (2168 turns).

neds the Chucker (Troll Hunter)                     Turns: 2168, Time: 00:05:35

Health: 0/41       AC:  5    Str: 20    XL:     4   Next: 48%
Magic:  3/3        EV: 10    Int:  7    God:
Gold:   203        SH:  0    Dex: 11    Spells: 3/3 levels left

rFire    . . .     SeeInvis .     - Unarmed
rCold    . . .     Gourm    +   (no shield)
rNeg     . . .     Faith    .   b - +0 robe
rPois    .         Spirit   .   (helmet restricted)
rElec    .         Reflect  .   (no cloak)
rCorr    .         Harm     .   (gloves unavailable)
MR       .....                  (boots unavailable)
Stlth    +.........             (no amulet)
HPRegen  0.53/turn              (no ring)
MPRegen  0.08/turn              (no ring)

@: no status effects
A: large, unfitting armour, claws 3, fast metabolism 3, gourmand, regeneration
1, shaggy fur 1, tough skin 2
a: no special abilities


You were on level 3 of the Dungeon.
You were completely stuffed.

You visited 1 branch of the dungeon, and saw 3 of its levels.

You collected 203 gold pieces.

Inventory:

Hand Weapons
 a - a +0 short sword
Missiles
 c - 5 large rocks (quivered)
 d - 2 throwing nets
Armour
 b - a +0 robe (worn)
Scrolls
 e - a scroll of teleportation {unknown}
 h - a scroll of enchant armour {unknown}
 l - a scroll of amnesia {unknown}
 n - 5 scrolls of identify {unknown}
Potions
 g - 3 potions of mutation {unknown}
 i - 3 potions of heal wounds {unknown}
 j - 3 potions of might {unknown}
 k - a potion of ambrosia {unknown}
 o - a potion of resistance {unknown}
Comestibles
 f - 8 rations
 m - 6 chunks of flesh


   Skills:
 - Level 1.5 Fighting
 + Level 4.6 Throwing
 - Level 1.5 Dodging
 - Level 0.3 Stealth
 + Level 2.8 Unarmed Combat


You had 3 spell levels left.
You didn't know any spells.

Dungeon Overview and Level Annotations

Branches:
Dungeon (3/15)

Altars:
Qazlal

Annotations:
D:3 Robin


Innate Abilities, Weirdness & Mutations

You are too large for most types of armour.
You have claws for hands.
Your metabolism is lightning-fast.
You like to eat raw meat.
Your natural rate of healing is unusually fast.
You are covered in fur. (AC +1)
You have very tough skin. (AC +2)


Message History

The orc is heavily wounded.
The goblin hits you.
* * * LOW HITPOINT WARNING * * *
The orc hits you with a dagger.
* * * LOW HITPOINT WARNING * * *
You claw the orc!
You kill the orc!
The goblin barely misses you. The goblin hits you with a club.
* * * LOW HITPOINT WARNING * * *
Robin roars a battlecry!
The goblins go into a battle-frenzy!
The goblin barely misses you.
You barely miss the goblin. The goblin hits you with a club.
* * * LOW HITPOINT WARNING * * *
The goblin hits you with a club.
* * * LOW HITPOINT WARNING * * *
The goblin closely misses you.
You barely miss the goblin.
The goblin hits you with a dagger of freezing.
You die...

. .. ####### #g
....... #.
#........#
#.#####gg......#
###...gg@ggg.....#
#.....###goo.....#
#.....# #gg......#
#....o# #g.......#
## #....g#
#........## .
#.....###.......(.##
#
+.....'.....#####g.#
## #.....#######
##.## #≈ #.....#
#.g# #≈


You could see Robin, 2 orcs, 2 hobgoblins and 8 goblins.

Vanquished Creatures
  2 adders
  2 oozes
  A dart slug (D:1)
  A leopard gecko (D:3)
  An orc (D:3)
  A giant cockroach (D:1)
  14 goblins
  8 hobgoblins
  11 jackals
  8 kobolds
  4 bats
  3 frilled lizards
  6 rats
62 creatures vanquished.

Vanquished Creatures (others)
  5 toadstools (D:1)
5 creatures vanquished.

Grand Total: 67 creatures vanquished

Notes
Turn   | Place    | Note
-------+----------+-------------------------------------------
     0 | D:1      | neds the Troll Hunter began the quest for the Orb.
     0 | D:1      | Reached XP level 1. HP: 19/19 MP: 0/0
   102 | D:1      | Reached skill level 1 in Unarmed Combat
   132 | D:1      | Reached XP level 2. HP: 27/27 MP: 1/1
   325 | D:1      | Reached skill level 4 in Throwing
   566 | D:1      | Reached XP level 3. HP: 30/33 MP: 2/2
  1593 | D:2      | Found a stormy altar of Qazlal.
  1964 | D:3      | Reached XP level 4. HP: 32/41 MP: 3/3
  2101 | D:3      | Noticed Robin
  2168 | D:3      | Slain by a goblin

Vault maps used:
D:1:      ldierk_walled_garden, nrook_mini_vaults, minmay_ruptured
D:2:      nicolae_qazlal_eye_of_the_storm, supply_closet_lemuel,
          roderic_lattice_a
D:3:      kennysheep_goblin_castle, minmay_unequal, uniq_terence

Skill      XL: |  1  2  3 |
---------------+----------+-----
Unarmed Combat | 1 2 |  2.8
Throwing       | 4 |  4.6
Fighting       | |  1.5
Dodging        | |  1.5
Stealth        | |  0.3

Action                   |  1- 3 |  4- 6 || total
-------------------------+-------+-------++-------
Melee: Unarmed           |   122 |    37 ||   159
       Punch             |     3 |       ||     3
  Eat: Chunk             |    18 |     7 ||    25
Armor: Robe              |    56 |    21 ||    77
Dodge: Dodged            |    72 |    45 ||   117

Table legend:
 A = Spawn XP
 B = Non-spawn XP
 C = Spawn XP percentage of total XP
 D = Spawn monster count
 E = Non-spawn monster count
 F = Spawn count percentage of total count
 G = Total turns spent on level
                    A         B        C        D         E        F      G
               +---------+---------+-------+---------+---------+-------+---------
         Total |       0 |     145 |   0.0 |       0 |      62 |   0.0 |  2168
               +---------+---------+-------+---------+---------+-------+---------
           D:1 |       0 |      46 |   0.0 |       0 |      25 |   0.0 |   851
           D:2 |       0 |      47 |   0.0 |       0 |      20 |   0.0 |  1060
           D:3 |       0 |      52 |   0.0 |       0 |      17 |   0.0 |   257
               +---------+---------+-------+---------+---------+-------+---------
